 Dungeon Crawl Stone Soup version 0.29.0-11-gd7f09526c8 (webtiles) character file.

Game seed: 6323488410278173078

1227 SensoryNuts the Slasher (level 8, -18/61 HPs)
             Began as a Demonspawn Fighter on Sept 3, 2022.
             Killed from afar by Maggie (24 damage)
             ... with a bolt of fire
             ... on level 6 of the Dungeon.
             The game lasted 00:05:28 (5311 turns).

SensoryNuts the Slasher (Demonspawn Fighter)        Turns: 5311, Time: 00:05:29

Health: -18/61     AC: 12    Str: 11 (14) XL:     8   Next: 23%
Magic:  8/8        EV:  9    Int:  6 (9)  God:
Gold:   283        SH: 11    Dex: 15 (16) Spells: 7/7 levels left

rFire   . . .      SeeInvis .   a - +1 long sword
rCold   . . .      Faith    .   c - +0 buckler
rNeg    . . .      Spirit   .   b - +0 scale mail
rPois   .          Reflect  .   (no helmet)
rElec   +          Harm     .   (no cloak)
rCorr   .          Rampage  .   (no gloves)
Will    .....                   d - +0 pair of boots
Stlth   ..........              (no amulet)
HPRegen 0.20/turn               j - +4 ring of protection
MPRegen 0.11/turn               (no ring)

@: mesmerised
A: hooves 2, large bone plates 2, electricity resistance, weak 1
a: no special abilities


You were on level 6 of the Dungeon.
You visited 2 branches of the dungeon, and saw 7 of its levels.

You collected 283 gold pieces.

Inventory:

Hand Weapons
 a - a +1 long sword (weapon)
Armour
 b - a +0 scale mail (worn)
 c - a +0 buckler (worn)
 d - a +0 pair of boots (worn)
Jewellery
 i - a ring of wizardry
 j - a +4 ring of protection (left hand)
 o - an amulet of the acrobat
 p - a ring of wizardry
Wands
 r - a wand of iceblast (7)
Scrolls
 e - 3 scrolls of vulnerability
 g - a scroll of enchant weapon
 h - a scroll of amnesia {unknown}
Potions
 f - a potion of mutation
 k - a potion of ambrosia {unknown}
 l - a potion of degeneration
 m - 2 potions of resistance
 n - a potion of attraction
 q - 3 potions of curing


   Skills:
 + Level 4.6 Fighting
 + Level 5.6 Long Blades
 + Level 4.9 Armour
 + Level 2.1 Dodging
 + Level 0.8 Stealth
 + Level 5.0 Shields


You had 7 spell levels left.
You didn't know any spells.
Your spell library contained the following spells:

 Spells                   Type           Power      Damage    Failure   Level
 Ensorcelled Hibernation  Hex/Ice        0%         N/A       99%         2
 Passwall                 Tmut/Erth      0%         N/A       99%         2
 Swiftness                Air            0%         N/A       100%        3


Dungeon Overview and Level Annotations

Branches:
Dungeon (6/15)             Temple (1/1) D:4

Altars:
Ashenzari
Cheibriados
Dithmenos
Hepliaklqana
Kikubaaqudgha
Makhleb
Nemelex Xobeh
Qazlal
Ru
Sif Muna
Trog
Uskayaw
Wu Jian
Xom
Yredelemnul

Shops:
D:1 (

Annotations:
D:6 Maggie


Innate Abilities, Weirdness & Mutations

You have hoof-like feet.
You are mostly covered in large bone plates. (SH +6)
You are resistant to electric shocks. (rElec)
You are weak. (Str -2)


Message History

You are too injured to fight recklessly!
You are too injured to fight recklessly!
You are too injured to fight recklessly!
You are too injured to fight recklessly!
You are too injured to fight recklessly!
You are too injured to fight recklessly!
You hit Maggie but do no damage.
Maggie is heavily wounded.
Maggie shouts, "Leave me alone!"
You block Maggie's attack.
You hit Maggie but do no damage.
Maggie is heavily wounded.
You block Maggie's attack. Maggie barely misses you.
You slash Maggie!
Maggie is heavily wounded.
Maggie casts a spell.
Maggie draws you further into her thrall.
You hit Maggie but do no damage.
Maggie is heavily wounded.
You block Maggie's attack.
You closely miss Maggie.
Maggie is heavily wounded.
Maggie hits you but does no damage.
You hit Maggie.
Maggie is heavily wounded.
You block Maggie's attack.
You hit Maggie but do no damage.
Maggie is heavily wounded.
Maggie hits you with a +0 scimitar.
You hit Maggie.
Maggie is severely wounded.
Maggie points at you and mumbles some strange words.
The bolt of fire hits you!!
* * * LOW HITPOINT WARNING * * *
Unknown command.
You closely miss Maggie.
Maggie is severely wounded.
Maggie casts a spell at you. The bolt of fire hits you!!
You die...

#.#####.##..#
#........#..#
#..##.#.†#...
#..##....##.#
#.)........##
##.##....####
#.##.#..##..
.############.......##.#
......@@.........#.###.#
.#########.#####....##.#
#.# #....##.# #.#
###....##.# #.#
#.......... #.#
#.......... #.#
#.......... #.#
###....##<# ......##.#


You could see Maggie (mesmerising).

Vanquished Creatures
  Grinder (D:5)
  A black bear (D:4)
  An ogre (D:5)
  Blork the orc (D:5)
  A necrophage (D:5)
  4 scorpions
  A howler monkey (D:4)
  A crimson imp (D:4)
  2 jellies (D:5)
  5 hounds
  3 iguanas
  3 adders
  3 ufetubi
  3 worms (D:4)
  3 dart slugs
  2 orcs
  6 ball pythons
  10 bats
  7 endoplasms
  3 giant cockroaches
  9 goblins
  4 hobgoblins
  6 kobolds
  3 quokkas
  3 frilled lizards
  2 goblin skeletons (D:4)
  2 goblin zombies (D:4)
  A hobgoblin zombie (D:4)
  3 kobold skeletons (D:4)
  An orc zombie (D:4)
  3 rats
98 creatures vanquished.

Notes
Turn   | Place    | Note
-------+----------+-------------------------------------------
     0 | D:1      | SensoryNuts the Demonspawn Fighter began the quest for the
                  | Orb.
     0 | D:1      | Reached XP level 1. HP: 18/18 MP: 1/1
    15 | D:1      | Found Saonitz's Weapon Shop.
   367 | D:1      | Gained mutation: You have large cloven feet. [demonic
                  | ancestry]
   367 | D:1      | Reached XP level 2. HP: 24/24 MP: 2/2
   545 | D:1      | Found a faded altar of an unknown god.
  1008 | D:1      | Reached XP level 3. HP: 24/29 MP: 3/3
  2037 | D:2      | Gained mutation: You are resistant to electric shocks.
                  | (rElec) [potion of mutation]
  2037 | D:2      | Gained mutation: You are weak. (Str -2) [potion of
                  | mutation]
  2156 | D:3      | Gained mutation: You have hoof-like feet. [demonic
                  | ancestry]
  2156 | D:3      | Reached XP level 4. HP: 35/35 MP: 4/4
  2818 | D:4      | Noticed a black bear
  2835 | D:4      | Killed a black bear
  2836 | D:4      | Reached XP level 5. HP: 28/41 MP: 5/5
  2851 | D:4      | Reached skill level 1 in Dodging
  3079 | D:4      | Gained mutation: You are partially covered in large bone
                  | plates. (SH +4) [demonic ancestry]
  3079 | D:4      | Reached XP level 6. HP: 40/47 MP: 6/6
  3422 | D:4      | Found a staircase to the Ecumenical Temple.
  3435 | Temple   | Entered the Ecumenical Temple
  3635 | D:5      | Entered Level 5 of the Dungeon
  3689 | D:5      | Gained mutation: You are mostly covered in large bone
                  | plates. (SH +6) [demonic ancestry]
  3689 | D:5      | Reached XP level 7. HP: 12/53 MP: 7/7
  3963 | D:5      | Noticed Blork the orc
  3986 | D:5      | Killed Blork the orc
  3987 | D:5      | Reached skill level 5 in Long Blades
  4256 | D:5      | Noticed Grinder
  4280 | D:5      | Paralysed by Grinder for 4 turns
  4290 | D:5      | Killed Grinder
  4291 | D:5      | Reached skill level 5 in Shields
  4291 | D:5      | Reached XP level 8. HP: 24/60 MP: 8/8
  4568 | D:5      | Found a shimmering blue altar of Sif Muna.
  4832 | D:5      | Found a shimmering altar of Xom.
  4869 | D:5      | Found a bloodstained altar of Trog.
  4869 | D:5      | Found a shimmering altar of Xom.
  5234 | D:6      | Found a basalt altar of Yredelemnul.
  5244 | D:6      | Found a hazy altar of Hepliaklqana.
  5292 | D:6      | Noticed Maggie
  5311 | D:6      | Killed from afar by Maggie

Illustrated notes

Levels and vault maps discovered:
D:1:      heliophobic_arrival_ceremonial_halls, layout_basic,
          chequers_ecumenical_altar_island, serial_shops,
          nicolae_shop_bloodbath_and_beyond, minmay_misc_feat_rugged
D:2:      layout_loops_ring, basic_altar
D:3:      layout_loops_ring, hex_medium
D:4:      layout_basic, nicolae_tso_besieged_by_evil,
          minmay_temple_entry_drinking_statues, nicolae_elevator_lobby_asterisk
D:5:      layout_rooms, kennysheep_orc_sif_temple, doesnt_xom_only_xom,
          enter_ossuary_2, minmay_fractal_squares_gapless_5, uniq_grinder,
          uniq_blork_the_orc
D:6:      layout_loops_ring, minmay_overflow_temple_star_quad,
          mainiacjoe_overflow_catwalk, serial_shops, nicolae_stop_n_shop_1,
          ebering_dispersal_statue_hall, kennysheep_windowed_goal, uniq_maggie
Temple:   hellmonk_temple_two_chambers

Skill      XL: |  1  2  3  4  5  6  7 |
---------------+----------------------+-----
Long Blades    | 2 3 4 5 |  5.6
Armour         | 3 4 |  4.9
Shields        | 3 4 5 |  5.0
Dodging        | 1 2 |  2.1
Fighting       | 4 |  4.6
Stealth        | |  0.8

Action                   |  1- 3 |  4- 6 |  7- 9 || total
-------------------------+-------+-------+-------++-------
Melee: Long sword        |   120 |   138 |   108 ||   366
       Kick              |    17 |    45 |     9 ||    71
  Use: Scroll            |     5 |     2 |     1 ||     8
       Potion            |     1 |       |     7 ||     8
Armor: Scale mail        |    72 |   112 |    41 ||   225
Dodge: Dodged            |    94 |    91 |    42 ||   227
Block: Buckler           |    40 |    56 |    69 ||   165
